3A
WALLA WALLA WALLEYE @ KINGSTON MANGOS
08/24/2042
 
TOP OF THE 1ST
Walla Walla Walleye batting - Pitching for Kingston Mangos : RHP Coyote Peterson
Pitching: RHP Coyote Peterson
Batting: RHB Rodrigo Sánchez 0-0: Ball
1-0: Swinging Strike
1-1: DOUBLE (Line Drive, 89M, EV 97.5 MPH)
Batting: LHB Van Durr 0-0: Called Strike
0-1: Called Strike
0-2: Ball
1-2: Foul Ball, location: 2F
1-2: Ball
2-2: Strikes out looking
Batting: RHB Roy Berriman 0-0: Called Strike
0-1: Foul Ball, location: 2F
0-2: Ball
1-2: Ball
2-2: Foul Ball, location: 2F
2-2: Strikes out swinging
Batting: SHB Víctor Pagueros 0-0: Ball
1-0: Ground out U3 (Groundball, 3, EV 89.4 MPH)
Top of the 1st over - 0 runs, 1 hit, 0 errors, 1 left on base; Walla Walla 0 - Kingston 0
BOTTOM OF THE 1ST
Kingston Mangos batting - Pitching for Walla Walla Walleye : LHP Jorge Solís
Pitching: LHP Jorge Solís
Batting: RHB Banu Judham 0-0: Ball
1-0: Ball
2-0: SINGLE (Groundball, 56D, EV 98.1 MPH)
Batting: RHB Bob Byrd 0-0: Ball
1-0: Ball
2-0: Swinging Strike
2-1: Swinging Strike
2-2: Fielders Choice at 2nd, 1-4 (Groundball, P, EV 85.6 MPH)
Batting: RHB Harald Tijl 0-0: Ball
1-0: Called Strike
1-1: Ball
2-1: Called Strike
2-2: Foul Ball, location: 2F
2-2: Ball
3-2: Base on Balls
Bob Byrd to second
Batting: RHB Vaclav Steur 0-0: Called Strike
0-1: Called Strike
0-2: Reached on error, E5 (Groundball, 5, EV 83.1 MPH)
Bob Byrd to third
Harald Tijl to second
Batting: LHB Rodger Parsons 0-0: Called Strike
0-1: Ball
Wild Pitch!
Bob Byrd scores
Harald Tijl to third
Vaclav Steur to second
1-1: DOUBLE (Line Drive, 9LM, EV 108.8 MPH)
Harald Tijl scores
Vaclav Steur scores
Batting: RHB Alfredo López 0-0: Ball
1-0: Called Strike
1-1: Foul Ball, location: 2F
1-2: Ground out 6-3 (Groundball, 6, EV 88.8 MPH)
Batting: RHB Francisco Alicea 0-0: Called Strike
0-1: Ground out 6-3 (Groundball, 56, EV 81.9 MPH)
Bottom of the 1st over - 3 runs, 2 hits, 1 error, 1 left on base; Walla Walla 0 - Kingston 3
TOP OF THE 2ND
Walla Walla Walleye batting - Pitching for Kingston Mangos : RHP Coyote Peterson
Batting: RHB Bret Taylor 0-0: Ball
1-0: Swinging Strike
1-1: Foul Ball, location: 2F
1-2: Foul Ball, location: 2F
1-2: Strikes out swinging
Batting: LHB Armando Martínez 0-0: Ball
1-0: Swinging Strike
1-1: Fly out, F9 (Line Drive, 9, EV 104.4 MPH)
Batting: RHB Jack Covas 0-0: Ball
1-0: Ball
2-0: Called Strike
2-1: Ball
3-1: Base on Balls
Batting: RHB Nando van der Goor 0-0: Ball
1-0: Called Strike
1-1: Swinging Strike
1-2: Strikes out looking
Top of the 2nd over - 0 runs, 0 hits, 0 errors, 1 left on base; Walla Walla 0 - Kingston 3
BOTTOM OF THE 2ND
Kingston Mangos batting - Pitching for Walla Walla Walleye : LHP Jorge Solís
Batting: RHB Kung Wa 0-0: Foul Ball, location: 2F
0-1: Ball
1-1: Foul Ball, location: 2F
1-2: Foul Ball, location: 2F
1-2: Ball
2-2: SINGLE (Flyball, 78S, EV 93.1 MPH)
Batting: LHB Sergio Rivera 0-0: Foul Ball, location: 2F
0-1: Called Strike
0-2: Strikes out looking
Batting: RHB Banu Judham 0-0: Ball
1-0: Foul Ball, location: 2F
1-1: Ball
2-1: Foul Ball, location: 2F
2-2: Ball
3-2: Foul Ball, location: 2F
3-2: Strikes out swinging
Batting: RHB Bob Byrd 0-0: Foul Ball, location: 2F
0-1: Ball
1-1: Ball
2-1: Ball
3-1: Foul Ball, location: 2F
3-2: Base on Balls
Kung Wa to second
Batting: RHB Harald Tijl 0-0: Ball
1-0: Called Strike
1-1: Ball
2-1: Called Strike
2-2: Foul Ball, location: 2F
2-2: Ball
3-2: Fly out, F9 (Line Drive, 9, EV 107.5 MPH)
Bottom of the 2nd over - 0 runs, 1 hit, 0 errors, 2 left on base; Walla Walla 0 - Kingston 3
TOP OF THE 3RD
Walla Walla Walleye batting - Pitching for Kingston Mangos : RHP Coyote Peterson
Batting: RHB Sonny Day 0-0: Foul Ball, location: 2F
0-1: Foul Ball, location: 2F
0-2: DOUBLE (Groundball, 5L, EV 104.4 MPH)
Batting: RHB Rodrigo Sánchez 0-0: Foul Ball, location: 2F
0-1: Called Strike
0-2: Foul Ball, location: 2F
0-2: Strikes out swinging
Batting: LHB Van Durr 0-0: Foul Ball, location: 2F
0-1: Ball
1-1: Foul Ball, location: 2F
1-2: Foul Ball, location: 2F
1-2: Ground out U3 (Groundball, 3, EV 98.8 MPH)
Sonny Day to third
Batting: RHB Roy Berriman 0-0: Called Strike
0-1: Ball
1-1: Called Strike
1-2: Ball
2-2: Strikes out swinging
Top of the 3rd over - 0 runs, 1 hit, 0 errors, 1 left on base; Walla Walla 0 - Kingston 3
BOTTOM OF THE 3RD
Kingston Mangos batting - Pitching for Walla Walla Walleye : LHP Jorge Solís
Batting: RHB Vaclav Steur 0-0: Called Strike
0-1: Ground out 6-3 (Groundball, 56, EV 80.6 MPH)
Batting: LHB Rodger Parsons 0-0: Swinging Strike
0-1: Swinging Strike
0-2: Strikes out swinging
Batting: RHB Alfredo López 0-0: Foul Ball, location: 2F
0-1: Ball
1-1: Foul Ball, location: 2F
1-2: Ground out 5-3 (Groundball, 56, EV 83.8 MPH)
Bottom of the 3rd over - 0 runs, 0 hits, 0 errors, 0 left on base; Walla Walla 0 - Kingston 3
TOP OF THE 4TH
Walla Walla Walleye batting - Pitching for Kingston Mangos : RHP Coyote Peterson
Batting: SHB Víctor Pagueros 0-0: Called Strike
0-1: Called Strike
0-2: Ball
1-2: Strikes out looking
Batting: RHB Bret Taylor 0-0: Called Strike
0-1: Ground out 5-3 (Groundball, 5S, EV 75.0 MPH)
Batting: LHB Armando Martínez 0-0: Ball
1-0: Foul Ball, location: 2F
1-1: Ball
2-1: Swinging Strike
2-2: Foul Ball, location: 2F
2-2: SINGLE (Groundball, 6, EV 78.1 MPH) (infield hit)
Batting: RHB Jack Covas 0-0: Foul Ball, location: 2F
0-1: Foul Ball, location: 2F
0-2: Ball
1-2: Ball
2-2: Fly out, F9 (Flyball, 9, EV 93.1 MPH)
Top of the 4th over - 0 runs, 1 hit, 0 errors, 1 left on base; Walla Walla 0 - Kingston 3
BOTTOM OF THE 4TH
Kingston Mangos batting - Pitching for Walla Walla Walleye : LHP Jorge Solís
Batting: RHB Francisco Alicea 0-0: Ball
1-0: Foul Ball, location: 2F
1-1: Ball
2-1: Fly out, F3 (Line Drive, 3, EV 68.8 MPH)
Batting: RHB Kung Wa 0-0: Foul Ball, location: 2F
0-1: Foul Ball, location: 2F
0-2: Strikes out swinging
Batting: LHB Sergio Rivera 0-0: Ball
1-0: Ball
2-0: Ball
3-0: Base on Balls
Batting: RHB Banu Judham 0-0: Ball
1-0: Ball
2-0: SINGLE (Line Drive, 6MD, EV 102.5 MPH)
Sergio Rivera to second
Runner from 2nd tries for 3rd, SAFE, no throw by CF
Batting: RHB Bob Byrd 0-0: Ball
1-0: Fly out, F8 (Flyball, 8RM, EV 81.9 MPH)
Bottom of the 4th over - 0 runs, 1 hit, 0 errors, 2 left on base; Walla Walla 0 - Kingston 3
TOP OF THE 5TH
Walla Walla Walleye batting - Pitching for Kingston Mangos : RHP Coyote Peterson
Batting: RHB Nando van der Goor 0-0: Ball
1-0: Swinging Strike
1-1: Foul Ball, location: 2F
1-2: Ball
2-2: Strikes out swinging
Batting: RHB Sonny Day 0-0: Called Strike
0-1: Called Strike
0-2: Foul Ball, location: 2F
0-2: Strikes out looking
Batting: RHB Rodrigo Sánchez 0-0: Swinging Strike
0-1: Ball
1-1: Ball
2-1: Foul Ball, location: 2F
2-2: Strikes out swinging
Top of the 5th over - 0 runs, 0 hits, 0 errors, 0 left on base; Walla Walla 0 - Kingston 3
BOTTOM OF THE 5TH
Kingston Mangos batting - Pitching for Walla Walla Walleye : LHP Jorge Solís
Batting: RHB Harald Tijl 0-0: Foul Ball, location: 2F
0-1: Ball
1-1: Fly out, F7 (Line Drive, 7, EV 91.2 MPH)
Batting: RHB Vaclav Steur 0-0: Called Strike
0-1: Swinging Strike
0-2: Ball
1-2: Fly out, F7 (Flyball, 7D, EV 95.6 MPH)
Batting: LHB Rodger Parsons 0-0: Ground out 6-3 (Groundball, 6, EV 83.1 MPH)
Bottom of the 5th over - 0 runs, 0 hits, 0 errors, 0 left on base; Walla Walla 0 - Kingston 3
TOP OF THE 6TH
Walla Walla Walleye batting - Pitching for Kingston Mangos : RHP Coyote Peterson
Batting: LHB Van Durr 0-0: Foul Ball, location: 2F
0-1: Ball
1-1: SINGLE (Groundball, 34D, EV 103.8 MPH)
Batting: RHB Roy Berriman 0-0: Ball
1-0: Fly out, F8 (Line Drive, 8LM, EV 91.9 MPH)
Batting: SHB Víctor Pagueros 0-0: Ball
Pickoff Throw to First - Out! 1-3
1-0: Swinging Strike
1-1: Foul Ball, location: 2F
1-2: Foul Ball, location: 2F
1-2: Strikes out swinging
Top of the 6th over - 0 runs, 1 hit, 0 errors, 0 left on base; Walla Walla 0 - Kingston 3
BOTTOM OF THE 6TH
Kingston Mangos batting - Pitching for Walla Walla Walleye : LHP Jorge Solís
Batting: RHB Alfredo López 0-0: Ball
1-0: Fly out, F8 (Flyball, 89S, EV 93.1 MPH)
Batting: RHB Francisco Alicea 0-0: Ball
1-0: Called Strike
1-1: Ball
2-1: Foul Ball, location: 2F
2-2: Foul Ball, location: 2F
2-2: Foul Ball, location: 2F
2-2: Foul Ball, location: 2F
2-2: SINGLE (Groundball, 34, EV 85.0 MPH) (infield hit)
Batting: RHB Kung Wa 0-0: Fly out, F7 (Flyball, 7D, EV 98.1 MPH)
Pitching: LHP Alfredo Morales
Batting: LHB Sergio Rivera 0-0: Ball
1-0: Ball
2-0: Foul Ball, location: 2F
2-1: Ball
3-1: Base on Balls
Francisco Alicea to second
Batting: RHB Banu Judham 0-0: Ground out 1-3 (Groundball, 13, EV 82.5 MPH)
Bottom of the 6th over - 0 runs, 1 hit, 0 errors, 2 left on base; Walla Walla 0 - Kingston 3
TOP OF THE 7TH
Walla Walla Walleye batting - Pitching for Kingston Mangos : RHP Coyote Peterson
Now in LF: George Lewis
Batting: RHB Bret Taylor 0-0: Ball
1-0: Ball
2-0: Ball
3-0: Called Strike
3-1: Foul Ball, location: 2F
3-2: Foul Ball, location: 2F
3-2: Base on Balls
Batting: LHB Armando Martínez 0-0: Called Strike
0-1: Sac Bunt to 15 - play at first, batter OUT! 1-3
Bret Taylor to second
Batting: RHB Jack Covas 0-0: Ball
1-0: Called Strike
1-1: Ball
2-1: Ball
3-1: Foul Ball, location: 2F
3-2: Foul Ball, location: 2F
3-2: Ground out 4-3 (Groundball, 4, EV 89.4 MPH)
Bret Taylor to third
Batting: RHB Nando van der Goor 0-0: Ball
1-0: Called Strike
1-1: Ball
2-1: Ball
3-1: Foul Ball, location: 2F
3-2: Strikes out swinging
Top of the 7th over - 0 runs, 0 hits, 0 errors, 1 left on base; Walla Walla 0 - Kingston 3
BOTTOM OF THE 7TH
Kingston Mangos batting - Pitching for Walla Walla Walleye : LHP Alfredo Morales
Batting: RHB Bob Byrd 0-0: Foul Ball, location: 2F
0-1: Swinging Strike
0-2: Ball
1-2: Strikes out looking
Batting: RHB Harald Tijl 0-0: Ground out 6-3 (Groundball, 6M, EV 101.2 MPH)
Batting: RHB Vaclav Steur 0-0: SINGLE (Flyball, 9LS, EV 87.5 MPH)
Batting: LHB Rodger Parsons 0-0: Ball
1-0: Fielders Choice at 2nd, 6-4 (Groundball, 6, EV 90.0 MPH)
Bottom of the 7th over - 0 runs, 1 hit, 0 errors, 1 left on base; Walla Walla 0 - Kingston 3
TOP OF THE 8TH
Walla Walla Walleye batting - Pitching for Kingston Mangos : RHP Coyote Peterson
Pitching: RHP Alfonso Medina
Batting: RHB Sonny Day 0-0: Called Strike
0-1: Called Strike
0-2: Ball
1-2: Strikes out looking
Batting: RHB Rodrigo Sánchez 0-0: Swinging Strike
0-1: Called Strike
0-2: Ground out 6-3 (Groundball, 6, EV 90.6 MPH)
Batting: LHB Van Durr 0-0: Foul Ball, location: 2F
0-1: Foul Ball, location: 2F
0-2: Foul Ball, location: 2F
0-2: Ball
1-2: SOLO HOME RUN (Flyball, 9LD, EV 101.2 MPH), Distance : 355 ft
Batting: RHB Roy Berriman 0-0: Ball
1-0: Called Strike
1-1: Ball
2-1: Called Strike
2-2: Strikes out swinging
Top of the 8th over - 1 run, 1 hit, 0 errors, 0 left on base; Walla Walla 1 - Kingston 3
BOTTOM OF THE 8TH
Kingston Mangos batting - Pitching for Walla Walla Walleye : LHP Alfredo Morales
Batting: RHB Alfredo López 0-0: Swinging Strike
0-1: Ball
1-1: Swinging Strike
1-2: Ball
2-2: Strikes out swinging
Batting: RHB Francisco Alicea 0-0: Called Strike
0-1: Ball
1-1: Swinging Strike
1-2: Ball
2-2: Strikes out looking
Batting: RHB Kung Wa 0-0: Foul Ball, location: 2F
0-1: Ball
1-1: Foul Ball, location: 2F
1-2: Foul Ball, location: 2F
1-2: Ball
2-2: Foul Ball, location: 2F
2-2: Ground out 6-3 (Groundball, 56, EV 105.6 MPH)
Bottom of the 8th over - 0 runs, 0 hits, 0 errors, 0 left on base; Walla Walla 1 - Kingston 3
TOP OF THE 9TH
Walla Walla Walleye batting - Pitching for Kingston Mangos : RHP Alfonso Medina
Pitching: LHP Keith Stinson
Batting: SHB Víctor Pagueros 0-0: Ball
1-0: SINGLE (Flyball, 3D, EV 90.0 MPH)
Batting: RHB Bret Taylor 0-0: Foul Ball, location: 2F
0-1: Ball
1-1: Swinging Strike
1-2: Strikes out looking
Pinch Hitting: RHB Raúl Galindo 0-0: Called Strike
0-1: Swinging Strike
0-2: Ball
1-2: Ball
Wild Pitch!
Víctor Pagueros to second
2-2: Strikes out looking
Batting: RHB Jack Covas 0-0: Ball
1-0: Ball
2-0: Fly out, F6 (Popup, 15, EV 88.8 MPH)
Top of the 9th over - 0 runs, 1 hit, 0 errors, 1 left on base; Walla Walla 1 - Kingston 3
Friday, March 26th, 2021 - OOTP Baseball 20.8 Build 74